 Dungeon Crawl Stone Soup version 0.17-a0-1447-g3d113ad (webtiles) character file.

121 urechis the Skirmisher (level 5, -1/37 HPs)
             Began as an Octopode Fighter on June 29, 2015.
             Slain by an iguana (5 damage)
             ... on level 4 of the Dungeon.
             The game lasted 00:04:39 (2537 turns).

urechis the Skirmisher (Octopode Fighter)           Turns: 2537, Time: 00:04:39

Health: -1/37      AC:  1    Str: 15    XL:     5   Next: 5%
Magic:  5/5        EV: 10    Int: 10    God:
Gold:   208        SH:  8    Dex: 13    Spells: 0 memorised, 4 levels left

rFire  + . .     SeeInvis .     a - +0 long sword
rCold  . . .     Clarity  .     b - +0 shield
rNeg   . . .     SustAt   .     (helmet restricted)
rPois  .         Gourm    .     (no amulet)
rElec  .         Spirit   .     j - ring of teleportation
rCorr  .         Warding  .     p - ring of protection from fire
rMut   .         Rnd*Tele +     (no ring)
MR     .....                    (no ring)
Stlth  ++........               (no ring)
                                (no ring)
                                (no ring)
                                (no ring)

@: lethally poisoned (-1 -> -2), not resistant to hostile enchantments,
unstealthy
A: almost no armour, amphibious, 8 rings, constrict 8, camouflage 1, gelatinous
body 1
a: Evoke Teleportation


You were on level 4 of the Dungeon.
You were very hungry.

You visited 1 branch of the dungeon, and saw 4 of its levels.

You collected 208 gold pieces.

Inventory:

Hand weapons
 a - a +0 long sword (weapon)
Missiles
 m - 28 poisoned needles
Armour
 b - a +0 shield (worn)
Jewellery
 j - a ring of teleportation (left tentacle)
 p - a ring of protection from fire (right tentacle)
Scrolls
 e - a scroll of immolation {unknown}
 f - a scroll of blinking {unknown}
 k - a scroll of random uselessness {unknown}
 l - a scroll of recharging {unknown}
 n - 4 scrolls of fear
 q - a scroll of remove curse
 t - a scroll of fog {unknown}
 w - a scroll of enchant weapon {unknown}
 x - 2 scrolls of identify {unknown}
Potions
 c - a potion of might
 g - a potion of ambrosia
 h - a potion of magic {unknown}
 i - a potion of degeneration {unknown}
 o - a potion of haste {unknown}
 r - a potion of resistance {unknown}
 z - a potion of flight {unknown}
Books
 v - a book of Clouds

   Spells                             Type                      Level
   a - Mephitic Cloud                 Conjuration/Poison/Air       3
   b - Conjure Flame                  Conjuration/Fire             3
   c - Poisonous Cloud                Conjuration/Poison/Air       6
   d - Freezing Cloud                 Conjuration/Ice/Air          6
   e - Ring of Flames                 Charms/Fire                  7
Comestibles
 d - 3 bread rations
 s - a slice of pizza
 u - 2 meat rations


   Skills:
 + Level 4.2 Fighting
 * Level 4.0 Long Blades
 - Level 3.0 Dodging
 - Level 3.0 Shields


You had 4 spell levels left.
You didn't know any spells.

Dungeon Overview and Level Annotations

Branches:
Dungeon (4/15)
 Temple: D:4-7

Altars:
Ashenzari
Makhleb
Okawaru
Trog
Xom
Yredelemnul
The Shining One

Annotations:
D:3 urechis's ghost, average TrMo


Innate Abilities, Weirdness & Mutations

You cannot wear most types of armour.
You are amphibious.
You can wear up to eight rings at the same time.
You can use your tentacles to constrict eight enemies at once.
Your skin changes colour to match your surroundings (Stealth).
Your rubbery body absorbs attacks (AC +1).


Message History

* * * LOW HITPOINT WARNING * * *
The iguana bites you.
* * * LOW HITPOINT WARNING * * *
You barely miss the rat. You squeeze the rat.
You kill the rat!
The iguana barely misses you.
You hit the iguana but do no damage.
The iguana is moderately wounded.
You feel less invigorated.
You feel less confused. The iguana bites you!
* * * LOW HITPOINT WARNING * * *
You completely miss the iguana. Your grab misses the iguana.
The iguana is moderately wounded.
You feel sick. The iguana barely misses you. The iguana completely misses you.
You hit the iguana. You grab the iguana.
The iguana is heavily wounded.
You constrict the iguana, but do no damage.
The iguana bites you.
You die...

...###### #........#
#.......(#
#........#
#!.......#
.........######. #
....?........... .#
.......)..#######.#.
...........<@.......
.#..#####(#l....#.#.
# #r#.....#.#
###.#.#...#.#
#...........#
#.###'###...# #.#
#.# #...#
#.###.###.#.#
#.+.._..+...#


You could see an iguana.

Vanquished Creatures
  A worker ant (D:4)
  An adder (D:3)
  2 oozes
  2 giant geckos
  3 orcs (D:3)
  7 giant cockroaches
  6 goblins
  10 hobgoblins
  11 jackals
  10 kobolds
  A quokka (D:2)
  8 bats
  3 giant newts
  2 rats
67 creatures vanquished.

Notes
Turn   | Place    | Note
--------------------------------------------------------------
     0 | D:1      | urechis the Octopode Fighter began the quest for the Orb.
     0 | D:1      | Reached XP level 1. HP: 16/16 MP: 1/1
   118 | D:1      | Reached XP level 2. HP: 7/21 MP: 2/2
   656 | D:1      | Reached XP level 3. HP: 22/26 MP: 3/3
  1433 | D:2      | Found a glowing golden altar of the Shining One.
  1440 | D:2      | Reached XP level 4. HP: 29/33 MP: 4/4
  1500 | D:2      | Found a bloodstained altar of Trog.
  1500 | D:2      | Found an iron altar of Okawaru.
  1605 | D:2      | Reached skill level 4 in Fighting
  2085 | D:3      | Found a burning altar of Makhleb.
  2245 | D:3      | Noticed urechis's ghost (average TrMo)
  2424 | D:4      | Found a shimmering altar of Xom.
  2434 | D:4      | Found a basalt altar of Yredelemnul.
  2479 | D:4      | Found a shattered altar of Ashenzari.
  2523 | D:4      | Reached XP level 5. HP: 12/37 MP: 5/5
  2532 | D:4      | HP: 1/37 [iguana (7)]
  2537 | D:4      | Slain by an iguana

Vault maps used:
D:1:      dpeg_arrival_water_temple_mockup
D:2:      gammafunk_temple_overflow_elements, old_standard_altar
D:3:      nicolae_overflow_hidden_temple, nicolae_overflow_crystal_walls,
          uniq_jessica, uniq_sigmund
D:4:      lemuel_doored_altar, minitemple, kiku_gazebo_garden_becter,
          serial_shops, nicolae_shop_trees

Action                   |  1- 3 |  4- 6 || total
-------------------------+-------+-------++-------
Melee: Long sword        |    81 |    55 ||   136
  Use: Scroll            |       |     3 ||     3
       Potion            |       |     1 ||     1
 Stab: Distracted        |     1 |       ||     1
       Sleeping          |     3 |     4 ||     7
  Eat: Chunk             |     2 |     2 ||     4
